 Dungeon Crawl Stone Soup version 0.31-a0-180-g519b7de00c (webtiles) character file.

Game seed: 6278059764345119478

14539 Maxmaps the Severer (level 11, -8/70 HPs)
             Began as a Demonspawn Hexslinger on June 19, 2023.
             Was an Initiate of Gozag.
             Killed from afar by an ice statue (24 damage)
             ... with a shard of ice
             ... in an ice cave.
             The game lasted 00:12:16 (10057 turns).

Maxmaps the Severer (Demonspawn Hexslinger)        Turns: 10057, Time: 00:12:17

Health: -8/70      AC: 12    Str:  9    XL:     11   Next: 90%
Magic:  12/12      EV: 16    Int: 16    God:    Gozag
Gold:   2488       SH:  0    Dex: 18    Spells: 11/12 levels left

rFire   . . .        s - +7 battleaxe of the Endless Expanse {spect, rN+}
rCold   . . .        (shield currently unavailable)
rNeg    + . .        w - +0 troll leather armour {Pargi}
rPois   .            d - +1 helmet
rElec   .            M - +1 cloak
rCorr   .            c - +0 pair of gloves
SInv    +            (no boots)
Will    .....        t - amulet of regeneration
Stlth   +            H - ring of see invisible
HPRegen 1.91/turn    y - +5 ring of evasion
MPRegen 0.13/turn

%: no passive effects
@: no status effects
A: icy blue scales 2, demonic guardian 2, demonic magic 1, weakness stinger 1
a: Renounce Religion, Potion Petition, Call Merchant, Bribe Branch


You were in an ice cave.
You worshipped Gozag.
Gozag was most pleased with you.
You visited 2 branches of the dungeon, and saw 13 of its levels.
You also visited: Sewer, Ossuary and Ice Cave.

You collected 2636 gold pieces.
You paid 148 gold pieces to Gozag.

Inventory:

Hand Weapons
 a - a +1 sling
 i - a +1 whip of electrocution
 o - a +2 dagger of electrocution
 s - the +7 battleaxe of the Endless Expanse (weapon) {spect, rN+}
   (You found it on level 3 of the Dungeon)

   rN:        It protects you from negative energy.
Armour
 c - a +0 pair of gloves (worn)
 d - a +1 helmet (worn)
 w - a +0 troll leather armour (worn) {Pargi}
 M - a +1 cloak (worn)
Jewellery
 e - a +4 ring of slaying
 t - an amulet of regeneration (around neck)
 y - a +5 ring of evasion (right hand)
 D - the amulet "Tynkopp" {Drain rF+++ Regen+ Dex+5}
   (You took it off a centaur on level 7 of the Dungeon)

   [amulet of regeneration]

   Dex:       It affects your dexterity (+5).
   rF:        It renders you almost immune to fire.
   Regen:     It increases your rate of health regeneration.
   Drain:     It drains your maximum health when unequipped.
 H - a ring of see invisible (left hand)
 J - a ring of fire
Wands
 f - a wand of flame (11)
 I - a wand of acid (9)
Scrolls
 b - 3 scrolls of poison
 g - 8 scrolls of teleportation
 h - a scroll of identify
 p - 2 scrolls of noise
 v - 3 scrolls of fear
 x - 2 scrolls of enchant armour
 z - a scroll of amnesia
 B - a scroll of brand weapon
 F - 2 scrolls of blinking
 K - a scroll of enchant weapon
Potions
 j - 5 potions of heal wounds
 m - a potion of ambrosia
 n - 3 potions of haste
 q - 4 potions of resistance
 r - 7 potions of curing
 u - 5 potions of might
 A - 4 potions of degeneration
 C - a potion of magic
 E - a potion of enlightenment
 G - 3 potions of brilliance
 L - 2 potions of mutation


   Skills:
 - Level 1.0 Fighting
 - Level 1.7 Short Blades
 + Level 16.8(16.9) Axes
 - Level 2.4(11.3) Maces & Flails
 - Level 3.2 Ranged Weapons
 - Level 1.7 Dodging
 - Level 1.0 Spellcasting
 - Level 3.0 Hexes


You had 11 spell levels left.
You knew the following spells:

 Your Spells              Type           Power      Damage    Failure   Level
a - Slow                  Hex            40%        N/A       10%         1

Your spell library contained the following spells:

 Spells                   Type           Power      Damage    Failure   Level
 Summon Small Mammal      Summ           0%         N/A       32%         1
 Dazzling Flash           Conj/Hex       10%        N/A       45%         3
 Inner Flame              Hex/Fire       5%         N/A       45%         3
 Portal Projectile        Hex/Tloc       10%        N/A       45%         3
 Summon Guardian Golem    Hex/Summ       5%         N/A       45%         3
 Call Canine Familiar     Summ           0%         N/A       67%         3
 Vhi's Electric Charge    Tloc/Air       0%         N/A       67%         3
 Cause Fear               Hex            5%         N/A       67%         4
 Silence                  Hex/Air        2%         N/A       99%         5
 Agony                    Necr           0%         N/A       100%        5
 Arcjolt                  Conj/Air       0%         1d10      100%        5
 Maxwell's Capacitive Co  Air            0%         ∞         100%        8


Dungeon Overview and Level Annotations

Branches:
Dungeon (12/15)            Temple (1/1) D:4            Lair (0/5) D:10
    Orc (0/2) D:9           Sewer (visited)         Ossuary (visited)
  IceCv (1/1)

Altars:
Ashenzari
Cheibriados
Dithmenos
Fedhas
Gozag
Hepliaklqana
Kikubaaqudgha
Makhleb
Nemelex Xobeh
Okawaru
Qazlal
Ru
Sif Muna
Trog
Uskayaw
Vehumet
Wu Jian
Xom
Yredelemnul

Annotations:
D:6 2 transporters, AwFulAwFulPlayer's ghost, novice HuFi IceCv exclusion: 2 ice statues


Innate Abilities, Weirdness & Mutations

You are mostly covered in icy blue scales. (AC +3)
A demonic guardian rushes to your aid.
Spells you cast may paralyse adjacent enemies.
You have a small tail.


Message History

You closely miss the ice beast.
Your +7 battleaxe of the Endless Expanse {spect, rN+} hits the ice beast!
The ice statue gestures.
The ice statue gestures at you. The freezing blast engulfs you!!
You hit the ice statue but do no damage.
The ice statue is lightly damaged.
You catch the helpless ice beast completely off-guard!
You slash the ice beast!
You kill the ice beast!
The ice beast disappears in a puff of smoke!
Your +7 battleaxe of the Endless Expanse {spect, rN+} hits the ice statue!
You are engulfed in freezing vapours.
A demonic guardian appears!
The ice statue gestures.
You slice the ice statue!! You tail-slap the ice statue.
The ice statue is heavily damaged.
Your +7 battleaxe of the Endless Expanse {spect, rN+} hits the ice statue!
You are engulfed in freezing vapours.
Your +7 battleaxe of the Endless Expanse {spect, rN+} is engulfed in freezing vapours.
Your spectral weapon shares its damage with you!
Your +7 battleaxe of the Endless Expanse {spect, rN+} is engulfed in freezing vapours.
The ice statue gestures at you. The freezing blast misses you.
The ice statue gestures.
You hit the ice statue.
The ice statue is severely damaged.
Your +7 battleaxe of the Endless Expanse {spect, rN+} hits the ice statue!
You are engulfed in freezing vapours.
* * * LOW HITPOINT WARNING * * *
Your +7 battleaxe of the Endless Expanse {spect, rN+} is engulfed in freezing vapours.
Your sixfirhy hits the ice beast!
Your sixfirhy shocks the ice beast!
Your +7 battleaxe of the Endless Expanse {spect, rN+} is engulfed in freezing vapours.
Your spectral weapon shares its damage with you!
* * * LOW HITPOINT WARNING * * *
Your sixfirhy hits the ice beast!
The ice beast dies!
The ice beast disappears in a puff of smoke!
The ice statue gestures at you. The shard of ice hits you!!
You die...
Your body crumbles into a pile of gold.

#####
##...#####
##........##
#..........## .
##..........#..
#..☼...........
#☼○°.........#
#(@☼.3§Y.Y.#
#8#☼...#8###
####○.## ##...#
##..#.....#
#..##...#...
#...##### .
##...## ##...#


You could see 2 ice statues, 2 ice beasts, a friendly sixfirhy (summoned) and a
friendly +7 battleaxe of the Endless Expanse {spect, rN+}.

Vanquished Creatures
  2 two-headed ogres
  A deep elf pyromancer (D:7)
  A necromancer (D:11)
  Pikel (D:9)
  Maurice (D:9)
  3 gargoyles
  An unseen horror (D:11)
  An ice devil (IceCv)
  A wraith (D:9)
  5 wyverns
  3 vampires
  12 yaks
  4 steam dragons
  A hydra simulacrum (IceCv)
  An acid dragon (D:12)
  7 water moccasins
  An ice beast (D:7)
  2 orc warriors
  3 black bears
  Pargi (Sewer)
  2 ogres
  2 lemures (D:9)
  2 centaurs (D:7)
  5 kobold brigands
  An elf zombie (Ossuary)
  4 bullfrogs
  A gnoll sergeant (D:7)
  2 scorpions (D:5)
  3 wights (D:7)
  An elephant simulacrum (IceCv)
  17 killer bees
  2 howler monkeys
  A centaur zombie (Ossuary)
  4 hounds
  2 jellies
  A human zombie (Ossuary)
  3 orc priests
  3 sleepcaps
  2 iguanas
  A yak simulacrum (D:11)
  6 orc wizards
  3 polar bear simulacra (D:11)
  4 spriggan simulacra (IceCv)
  2 wolf simulacra (D:11)
  2 mummies (Ossuary)
  6 gnolls (D:7)
  12 adders
  3 white imps
  4 ufetubi
  A worm (D:4)
  3 dart slugs
  30 orcs
  7 ball pythons
  8 bats
  7 endoplasms
  2 giant cockroaches
  4 gnoll zombies (Ossuary)
  11 goblins
  7 hobgoblins
  6 jackals
  26 kobolds
  3 quokkas
  10 frilled lizards
  2 goblin zombies (Ossuary)
  3 hobgoblin zombies
  An orc zombie (Ossuary)
  3 rats
  A rat zombie (D:4)
  4 river rat simulacra (D:11)
292 creatures vanquished.

Vanquished Creatures (collateral kills)
  A two-headed ogre (D:10)
  A boulder beetle (D:11)
  A wyvern (D:10)
  A water moccasin (D:7)
  2 orc warriors
  A centaur (D:9)
  A gnoll sergeant (D:7)
  A yak simulacrum (D:11)
  3 gnolls (D:7)
  An adder (D:6)
  A dart slug (D:2)
  A gnoll zombie (Ossuary)
  A jackal (D:2)
  A quokka (D:2)
  A ball python (D:2)
  A kobold (D:2)
  An orc zombie (Ossuary)
  A rat (D:2)
21 creatures vanquished.

Grand Total: 313 creatures vanquished

Notes
Turn   | Place    | Note
-------+----------+-------------------------------------------
     0 | D:1      | Maxmaps the Demonspawn Hexslinger began the quest for the
                  | Orb.
     0 | D:1      | Reached XP level 1. HP: 15/15 MP: 2/2
   272 | D:1      | Gained mutation: A weak demonic guardian rushes to your
                  | aid. [demonic ancestry]
   272 | D:1      | Reached XP level 2. HP: 19/21 MP: 3/3
   525 | D:1      | Gained mutation: You are partially covered in icy blue
                  | scales. (AC +2) [demonic ancestry]
   525 | D:1      | Reached XP level 3. HP: 26/26 MP: 4/4
   912 | D:2      | Reached skill level 1 in Maces & Flails
   922 | D:2      | HP: 1/26 [quokka (3)]
  1107 | D:2      | Gained mutation: A demonic guardian rushes to your aid.
                  | [demonic ancestry]
  1107 | D:2      | Reached XP level 4. HP: 8/32 MP: 5/5
  1332 | D:2      | Found a faded altar of an unknown god.
  1925 | D:3      | Reached skill level 1 in Short Blades
  2209 | D:3      | Identified the +7 battleaxe of the Endless Expanse {spect,
                  | rN+}
  2806 | D:4      | Gained mutation: You are mostly covered in icy blue scales.
                  | (AC +3) [demonic ancestry]
  2806 | D:4      | Reached XP level 5. HP: 37/37 MP: 6/6
  2830 | D:4      | Noticed an ogre
  2834 | D:4      | Reached skill level 1 in Axes
  2837 | D:4      | Killed an ogre
  2838 | D:4      | Reached skill level 2 in Axes
  2984 | D:4      | Found a glowing drain.
  2997 | Sewer    | Entered a sewer
  3071 | Sewer    | Noticed Pargi
  3078 | Sewer    | Killed Pargi
  3079 | Sewer    | Reached skill level 3 in Axes
  3079 | Sewer    | Gained mutation: You have a small tail. [demonic ancestry]
  3079 | Sewer    | Reached XP level 6. HP: 33/43 MP: 7/7
  3208 | D:4      | Found a bloodstained altar of Trog.
  3231 | D:4      | Found a sand-covered staircase.
  3239 | Ossuary  | Entered an ossuary
  3251 | Ossuary  | Reached skill level 4 in Axes
  3286 | Ossuary  | Reached XP level 7. HP: 48/48 MP: 8/8
  3344 | D:4      | Reached skill level 5 in Axes
  3439 | D:4      | Found a staircase to the Ecumenical Temple.
  3590 | D:4      | Found a bloodstained altar of Trog.
  3746 | Temple   | Entered the Ecumenical Temple
  3792 | Temple   | Became a worshipper of Gozag Ym Sagoz the Greedy
  3824 | D:5      | Entered Level 5 of the Dungeon
  3888 | D:5      | Reached skill level 6 in Axes
  4194 | D:5      | Reached skill level 7 in Axes
  4215 | D:5      | Found a basalt altar of Yredelemnul.
  4334 | D:6      | Reached XP level 8. HP: 51/54 MP: 9/9
  4402 | D:6      | Reached skill level 8 in Axes
  4742 | D:6      | Found an iron altar of Okawaru.
  4809 | D:6      | Reached skill level 9 in Axes
  4976 | D:6      | Found a shimmering blue altar of Sif Muna.
  5126 | D:6      | Found a transporter.
  5130 | D:6      | Found a transporter.
  5130 | D:6      | Noticed a queen bee
  5146 | D:6      | Noticed AwFulAwFulPlayer's ghost (novice HuFi)
  5264 | D:7      | Gained mutation: Spells you cast may paralyse adjacent
                  | enemies. [demonic ancestry]
  5264 | D:7      | Reached XP level 9. HP: 34/59 MP: 10/10
  5381 | D:7      | Found a sacrificial altar of Ru.
  5400 | D:7      | Reached skill level 10 in Axes
  5712 | D:7      | Found a stormy altar of Qazlal.
  5887 | D:7      | Reached skill level 11 in Axes
  6038 | D:7      | Reached skill level 12 in Axes
  6096 | D:7      | Identified the amulet "Tynkopp" {Drain rF+++ Regen+ Dex+5}
  6142 | D:7      | Noticed a deep elf pyromancer
  6147 | D:7      | Killed a deep elf pyromancer
  6148 | D:7      | Reached XP level 10. HP: 65/65 MP: 11/11
  7649 | D:9      | Found a staircase to the Orcish Mines.
  7652 | D:9      | Reached skill level 13 in Axes
  7811 | D:9      | Noticed Maurice
  7819 | D:9      | Killed Maurice
  7932 | D:9      | Noticed Pikel
  7937 | D:9      | Killed Pikel
  7938 | D:9      | Reached skill level 14 in Axes
  8064 | D:9      | Noticed a two-headed ogre
  8068 | D:9      | Killed a two-headed ogre
  8324 | D:10     | Entered Level 10 of the Dungeon
  8324 | D:10     | Noticed a gargoyle
  8331 | D:10     | Killed a gargoyle
  8445 | D:10     | Found a burning altar of Makhleb.
  8445 | D:10     | Noticed a cacodemon
  8448 | D:10     | Noticed an orange demon
  8461 | D:10     | Noticed a two-headed ogre
  8468 | D:10     | Killed a two-headed ogre
  8469 | D:10     | Reached XP level 11. HP: 47/70 MP: 12/12
  8500 | D:10     | Reached skill level 15 in Axes
  8570 | D:10     | Noticed a two-headed ogre
  8584 | D:10     | Killed a two-headed ogre
  8615 | D:10     | Found a staircase to the Lair.
  8692 | D:10     | Found a hazy altar of Hepliaklqana.
  8950 | D:11     | Reached skill level 16 in Axes
  9229 | D:11     | Noticed a necromancer
  9236 | D:11     | Killed a necromancer
  9598 | D:11     | Noticed a boulder beetle
  9605 | D:11     | Killed a boulder beetle
  9949 | D:12     | Found a frozen archway.
  9958 | IceCv    | Entered an ice cave
 10057 | IceCv    | Killed from afar by an ice statue

Illustrated notes

Levels and vault maps discovered:
D:1:      spicycebolla_arrival_clurvy, layout_loops_ring, kennysheep_boxes
D:2:      minmay_recursive_quarters, layout_loops_ring, basic_ecumenical_altar,
          hangedman_decor_growths, minmay_tromino_v7
D:3:      layout_basic
D:4:      layout_basic, trog_book, temple_green, cheibrodos_sewer_entry_sluice,
          enter_ossuary_3, kennysheep_small_circle
D:5:      layout_gridville, lemuel_crystal_altar
D:6:      layout_loops_cross, nicolae_sif_muna_little_library,
          mainiacjoe_overflow_24_doors, gammafunk_ghost_hive, nicolae_half_adder
D:7:      kennysheep_windowed_halls, layout_loops_ring, nicolae_ru_awakened_eye,
          mainiacjoe_overflow_boulevard
D:8:      layout_layer_cave
D:9:      layout_irregular_city, orc_0_dummy, uniq_pikel, uniq_maurice
D:10:     layout_cave_pools, chequers_temple_overflow_statue_of_worship,
          makhleb_altar_promises_db, minmay_lair_entry_grove,
          minmay_misc_feat_encased, dreamdust_princess_corridor
D:11:     layout_roguey, eino_house_with_fridge
D:12:     layout_loops_ring, portal_ice_cave_entry_pillars_2,
          amcnicky_mini_pool_medium, uniq_frances, uniq_erolcha, uniq_rupert
Temple:   cyrus_circular_temple
IceCv:    ice_cave_small_demon

Skill      XL: |  1  2  3  4  5  6  7  8  9 10 11 |
---------------+----------------------------------+-----
Ranged Weapons | 2 3 |  3.2
Maces & Flails | 2 |  2.4
Short Blades   | 1 |  1.7
Axes           | 3 4 7 9 12 14 16 | 16.8
Fighting       | |  1.0
Dodging        | |  1.7
Spellcasting   | |  1.0
Hexes          | |  3.0

Action                     |  1- 3 |  4- 6 |  7- 9 | 10-12 || total
---------------------------+-------+-------+-------+-------++-------
  Melee: Whip              |    44 |    35 |       |       ||    79
         Dagger            |       |    43 |       |       ||    43
         Battleaxe         |       |    46 |   142 |   181 ||   369
         Punch             |       |     1 |       |       ||     1
         Tailslap          |       |     5 |    24 |    33 ||    62
   Fire: Sling             |    77 |       |       |       ||    77
    Use: Scroll            |       |    11 |     5 |     7 ||    23
         Potion            |       |     2 |     1 |       ||     3
   Stab: Sleeping          |     1 |       |       |       ||     1
         Distracted        |       |     1 |     6 |     6 ||    13
 Armour: Robe              |     8 |       |       |       ||     8
         Leather armour    |    27 |    43 |       |       ||    70
         Troll leather arm |       |     7 |    47 |    20 ||    74
  Dodge: Dodged            |    81 |    79 |    75 |   104 ||   339

Table legend: (Time is in decaauts)
 A = Elapsed time spent in this place.
 B = Non-inter-level travel time spent in this place.
 C = Inter-level travel time spent in this place.
 D = Time resting spent in this place.
 E = Time spent auto-exploring this place.
 F = Levels seen in this place.
 G = Mean time per level.
                   A        B        C        D        E       F      G
               +--------+--------+--------+--------+--------+-----+--------+
         Total |  10182 |   9524 |    658 |    407 |   7367 |  16 |  636.4 |
       Dungeon |   9661 |   9019 |    642 |    374 |   7161 |  12 |  805.1 |
        Temple |     59 |     43 |     16 |      0 |     35 |   1 |   59.0 |
         Sewer |    255 |    255 |      0 |      0 |    107 |   1 |  255.0 |
       Ossuary |    109 |    109 |      0 |      0 |     58 |   1 |  109.0 |
      Ice Cave |     96 |     96 |      0 |     33 |      6 |   1 |   96.0 |
               +--------+--------+--------+--------+--------+-----+--------+

Top non-repeatable levels by time:
     D:7: 1216 daAuts
     D:8: 1216 daAuts
     D:1: 983 daAuts
     D:2: 945 daAuts
     D:3: 881 daAuts
     D:6: 880 daAuts
    D:11: 859 daAuts
     D:9: 719 daAuts
     D:4: 685 daAuts
    D:10: 607 daAuts
     D:5: 511 daAuts
   Sewer: 255 daAuts
    D:12: 154 daAuts
 Ossuary: 109 daAuts
   IceCv: 96 daAuts
